 Dungeon Crawl Stone Soup version 0.29-a0-330-g52719c12eb (webtiles) character file.

Game seed: 10223123253437090721

37850 Anon1729 the Nimble (level 13, 0/109 HPs)
             Began as a Merfolk Monk on May 22, 2022.
             Was a High Priest of Uskayaw.
             Slain by a blink frog (1 damage)
             ... while petrified by a basilisk
             ... on level 6 of the Lair of Beasts.
             The game lasted 00:24:24 (16105 turns).

Anon1729 the Nimble (Merfolk Monk)                 Turns: 16105, Time: 00:24:24

Health: 0/109      AC:  8    Str: 16    XL:     13   Next: 99%
Magic:  21/21      EV:  2    Int:  9    God:    Uskayaw [*****.]
Gold:   940        SH:  0    Dex: 35    Spells: 11/12 levels left

rFire   . . .      SeeInvis .   Z - +4 falchion (flame)
rCold   . . .      Faith    .   (no shield)
rNeg    + + +      Spirit   .   G - +0 ring mail of the World {+Blink rCorr Str+3 Dex+9}
rPois   ∞          Reflect  .   (no helmet)
rElec   .          Harm     .   I - +1 cloak
rCorr   +          Rampage  .   x - +0 pair of gloves
Will    .....                   (no boots)
Stlth   ++++++....              t - amulet of regeneration
HPRegen 0.00/turn               J - ring of poison resistance
MPRegen 0.17/turn               T - +6 ring of dexterity

@: petrified, sick
A: (nimble swimmer 2), mertail
a: Renounce Religion, Evoke Blink, Stomp, Line Pass, Grand Finale


You were on level 6 of the Lair of Beasts.
You worshipped Uskayaw.
Uskayaw was aware of your devotion.
You visited 3 branches of the dungeon, and saw 17 of its levels.

You collected 1070 gold pieces.
You spent 130 gold pieces at shops.

Inventory:

Hand Weapons
 X - a +0 long sword of holy wrath
 Y - a +0 demon whip of venom
 Z - a +4 falchion of flaming (weapon)
Missiles
 j - 35 poisoned darts (quivered)
 r - 2 throwing nets
 z - a curare-tipped dart
Armour
 b - a +2 buckler
 o - a +2 leather armour of cold resistance
 x - a +0 pair of gloves (worn)
 G - the +0 ring mail of the World (worn) {+Blink rCorr Str+3 Dex+9}
   (You found it on level 9 of the Dungeon)

   Str:       It affects your strength (+3).
   Dex:       It affects your dexterity (+9).
   +Blink:    It lets you blink.
   rCorr:     It protects you from acid and corrosion.
 I - a +1 cloak (worn)
Jewellery
 a - a ring of flight
 t - an amulet of regeneration (around neck)
 v - an amulet of faith
 A - a ring of ice
 J - a ring of poison resistance (left hand)
 K - a ring of wizardry
 O - a ring of protection from fire
 Q - the amulet "Zigen" {Reflect rPois SH+5 Stlth+}
   (You found it on level 10 of the Dungeon)

   [amulet of reflection]

   It reflects blocked missile attacks.
   rPois:     It protects you from poison.
   SH:        It affects your SH (+5).
   Stlth:     It makes you more stealthy.
 T - a +6 ring of dexterity (right hand)
 V - a +4 ring of evasion
Wands
 s - a wand of charming (3)
 L - a wand of flame (19)
 N - a wand of polymorph (4)
 R - a wand of mindburst (8)
 U - a wand of digging (7)
Scrolls
 d - 3 scrolls of immolation
 e - 6 scrolls of magic mapping
 l - 2 scrolls of teleportation
 u - 4 scrolls of fog
 y - 3 scrolls of fear
 B - a scroll of silence {unknown}
 D - 8 scrolls of noise {unknown}
 F - 5 scrolls of amnesia
 M - a scroll of vulnerability {unknown}
 P - 2 scrolls of torment {unknown}
 W - 2 scrolls of blinking {unknown}
Potions
 c - a potion of ambrosia
 f - 3 potions of heal wounds {unknown}
 g - 3 potions of mutation {unknown}
 h - 9 potions of curing
 i - 2 potions of might {unknown}
 k - 3 potions of resistance {unknown}
 m - 3 potions of berserk rage {unknown}
 n - a potion of magic {unknown}
 p - a potion of flight {unknown}
 q - 6 potions of lignification {unknown}
 w - 5 potions of haste
 C - 6 potions of degeneration {unknown}
 E - 2 potions of brilliance {unknown}
 H - 2 potions of attraction
 S - a potion of invisibility {unknown}


   Skills:
 + Level 12.3 Fighting
 + Level 13.4 Long Blades
 - Level 1.0 Armour
 + Level 14.5 Dodging
 + Level 13.0 Stealth
 + Level 11.0 Invocations


You had 11 spell levels left.
You knew the following spells:

 Your Spells              Type           Power      Damage    Failure   Level
a - Apportation           Tloc           0%         N/A       61%         1

Your spell library contained the following spells:

 Spells                   Type           Power      Damage    Failure   Level
 Animate Skeleton         Necr           0%         N/A       61%         1
 Freeze                   Ice            0%         1d3       61%         1
 Summon Small Mammal      Summ           0%         N/A       61%         1
 Blink                    Tloc           0%         N/A       75%         2
 Ensorcelled Hibernation  Hex/Ice        0%         N/A       75%         2
 Passwall                 Tmut/Erth      0%         N/A       75%         2
 Scorch                   Fire           0%         2d5       75%         2
 Frozen Ramparts          Ice            0%         1d2       93%         3
 Stone Arrow              Conj/Erth      0%         3d7       93%         3
 Swiftness                Air            0%         N/A       93%         3
 Tukima's Dance           Hex            0%         N/A       93%         3
 Animate Armour           Summ/Erth      0%         N/A       100%        4
 Animate Dead             Necr           0%         N/A       100%        4
 Flame Wave               Conj/Fire      0%         2d4       100%        4
 Hailstorm                Conj/Ice       0%         3d3       100%        4
 Ice Form                 Ice/Tmut       0%         N/A       100%        4
 Passage of Golubria      Tloc           0%         N/A       100%        4
 Summon Ice Beast         Ice/Summ       0%         N/A       100%        4
 Manifold Assault         Tloc           0%         N/A       100%        5
 Yara's Violent Unravell  Hex/Tmut       0%         3d3       100%        5
 Summon Cactus Giant      Summ           0%         N/A       100%        6
 Haunt                    Necr/Summ      0%         N/A       100%        7
 Storm Form               Tmut/Air       0%         N/A       100%        7
 Infestation              Necr           0%         N/A       100%        8
 Lehudib's Crystal Spear  Conj/Erth      0%         10d2      100%        8


Dungeon Overview and Level Annotations

Branches:
Dungeon (10/15)            Temple (1/1) D:4            Lair (6/6) D:10
 Shoals (0/4) Lair:4       Spider (0/4) Lair:2        Slime (0/5) Lair:5
    Orc: D:9-12

Altars:
Ashenzari
Cheibriados
Dithmenos
Elyvilon
Fedhas
Gozag
Hepliaklqana
Kikubaaqudgha
Makhleb
Nemelex Xobeh
Okawaru
Qazlal
Ru
Sif Muna
Trog
Uskayaw
Vehumet
Wu Jian
Xom
Yredelemnul
Zin
The Shining One

Shops:
D:1 =   D:5 !

Annotations:
D:2 exclusion: 3 gnolls, Sigmund
D:10 exclusions: door and orange crystal statue, Erolcha


Innate Abilities, Weirdness & Mutations

((You are very nimble when in or above water. (Stealth+, EV+, Speed+++)))
Your lower body shifts to a powerful aquatic tail in water.


Message History

You closely miss the basilisk.
The basilisk is severely wounded.
The basilisk bites you. The ancient zyme hits you. x2
Your limbs are stiffening.
The blink frog gives a loud, deep croak!
You slash the basilisk! You burn the basilisk.
You kill the basilisk!
You have turned to stone.
The ancient zyme hits you. The ancient zyme hits you!
The ancient zyme hits you. The ancient zyme hits you!
The small abomination hits you! The blink frog hits you!
The ancient zyme hits you!
The ancient zyme hits you but does no damage.
The small abomination hits you!
* * * LOW HITPOINT WARNING * * *
The blink frog hits you.
* * * LOW HITPOINT WARNING * * *
The ancient zyme hits you!
* * * LOW HITPOINT WARNING * * *
The ancient zyme hits you!
* * * LOW HITPOINT WARNING * * *
The small abomination hits you!
* * * LOW HITPOINT WARNING * * *
The blink frog hits you but does no damage.
The blink frog barely misses you. The ancient zyme hits you.
The ancient zyme hits you but does no damage.
The small abomination hits you!
* * * LOW HITPOINT WARNING * * *
The blink frog blinks!
The ancient zyme hits you.
* * * LOW HITPOINT WARNING * * *
The ancient zyme barely misses you. The small abomination hits you.
* * * LOW HITPOINT WARNING * * *
The blink frog hits you.
* * * LOW HITPOINT WARNING * * *
The ancient zyme hits you!
* * * LOW HITPOINT WARNING * * *
The ancient zyme barely misses you.
The small abomination completely misses you.
The blink frog hits you.
You die...

÷.......♣♣
♣...♣♣ ♣♣
♣♣...♣ F♣♣.
♣♣♣♣♣..♣♣
F....
♣♣†....†.♣
F..x♣
♣♣♣.....♣..♣
♣..4♣
♣.....♣♣♣..♣
♣.l.♣♣♣...♣♣♣
♣..♣
♣...♣♣@F♣♣
♣♣..♣
♣♣♣...FFxx.♣
.♣♣
♣.......F♣♣♣
.♣
....♣♣♣♣♣♣♣♣
♣♣ ... ♣


You could see an ancient zyme, 4 blink frogs and a small abomination.

Vanquished Creatures
  Josephine (Lair:4)
  2 boulder beetles
  3 hydras
  A two-headed ogre (D:10)
  8 death yaks (Lair:5)
  Nergalle (Lair:2)
  Amaemon (Lair:2)
  An oklob plant (Lair:1)
  11 elephants
  A smoke demon (Lair:6)
  Maurice (D:10)
  A black mamba (Lair:2)
  An orange demon (Lair:2)
  7 cane toads
  3 kobold demonologists (D:9)
  A rime drake (Lair:4)
  5 komodo dragons
  A hornet (D:9)
  16 blink frogs
  A polar bear (Lair:2)
  2 dream sheep (D:9)
  2 jumping spiders (Lair:2)
  A wyvern (Lair:4)
  A culicivora (Lair:2)
  28 yaks
  2 basilisks
  5 wraiths (Lair:4)
  4 redbacks (Lair:2)
  A chaos spawn (Lair:6)
  Grum (Lair:1)
  3 small abominations (Lair:6)
  9 water moccasins
  3 acid dragons
  3 ice beasts
  2 orc warriors
  An ogre (D:7)
  A sky beast (D:6)
  12 wolves
  3 centaurs
  2 phantoms (D:6)
  14 bullfrogs
  5 kobold brigands
  2 gnoll sergeants
  7 scorpions
  A necrophage (D:8)
  11 wights
  16 killer bees
  2 electric eels
  4 howler monkeys
  5 orc priests
  5 hounds
  8 jellies
  A gnoll shaman (D:5)
  Jessica (D:3)
  Natasha (thrice) (D:2)
  An iguana (D:5)
  8 orc wizards
  14 gnolls
  6 adders
  2 shadow imps
  A white imp (D:6)
  An ufetubus (D:7)
  10 worms
  7 dart slugs
  16 orcs
  7 bats
  28 endoplasms
  A giant cockroach (D:3)
  7 hobgoblins
  4 jackals (D:5)
  2 quokkas (D:1)
  5 ball pythons
  3 frilled lizards
  7 goblins
  12 kobolds
  5 rats
385 creatures vanquished.

Vanquished Creatures (collateral kills)
  A wight (D:7)
  An orc priest (D:7)
  4 gnolls (D:5)
  2 orcs (D:7)
8 creatures vanquished.

Vanquished Creatures (others)
  A cane toad (Lair:5)
  2 wolves (Lair:5)
  17 fungi
  12 plants
32 creatures vanquished.

Grand Total: 425 creatures vanquished

Notes
Turn   | Place    | Note
-------+----------+-------------------------------------------
     0 | D:1      | Anon1729 the Merfolk Monk began the quest for the Orb.
     0 | D:1      | Reached XP level 1. HP: 18/18 MP: 1/1
   340 | D:1      | Reached XP level 2. HP: 24/24 MP: 2/2
   445 | D:1      | Found Gosk's Jewellery Emporium.
   919 | D:1      | Reached XP level 3. HP: 29/29 MP: 3/3
  1249 | D:2      | Noticed Sigmund
  1446 | D:2      | Noticed Natasha
  1453 | D:2      | Killed Natasha
  1454 | D:2      | Reached XP level 4. HP: 24/37 MP: 4/4
  1939 | D:2      | Noticed Natasha
  1955 | D:2      | Killed Natasha
  1956 | D:2      | Reached skill level 5 in Dodging
  2003 | D:2      | Noticed Natasha
  2008 | D:2      | Killed Natasha
  2009 | D:2      | Reached XP level 5. HP: 36/42 MP: 5/5
  2703 | D:3      | Reached skill level 5 in Long Blades
  2703 | D:3      | Reached XP level 6. HP: 43/49 MP: 6/6
  3448 | D:3      | Found a faded altar of an unknown god.
  3564 | D:3      | Found a faded altar of an unknown god.
  3565 | D:3      | Found a hazy altar of Hepliaklqana.
  3565 | D:3      | Noticed Jessica
  3570 | D:3      | Killed Jessica
  3997 | D:4      | Reached skill level 5 in Fighting
  3997 | D:4      | Reached skill level 6 in Dodging
  4137 | D:4      | Reached XP level 7. HP: 48/56 MP: 7/7
  4468 | D:4      | Found a staircase to the Ecumenical Temple.
  4549 | D:4      | Reached skill level 5 in Stealth
  4637 | Temple   | Entered the Ecumenical Temple
  4673 | Temple   | Became a worshipper of Uskayaw the Reveller
  4673 | Temple   | Reached * piety under Uskayaw
  4950 | D:5      | Entered Level 5 of the Dungeon
  5021 | D:5      | Found Korem's Distillery.
  5063 | D:5      | Reached ** piety under Uskayaw
  5071 | D:5      | Reached *** piety under Uskayaw
  5122 | D:5      | Bought a potion of haste for 130 gold pieces
  5394 | D:5      | Reached skill level 1 in Invocations
  5638 | D:5      | Reached XP level 8. HP: 62/64 MP: 9/9
  5745 | D:5      | Reached skill level 7 in Dodging
  5941 | D:5      | Reached **** piety under Uskayaw
  6503 | D:6      | Reached skill level 8 in Dodging
  6503 | D:6      | Reached XP level 9. HP: 71/71 MP: 11/11
  7198 | D:7      | Reached skill level 1 in Armour
  7960 | D:8      | Reached skill level 9 in Dodging
  7963 | D:8      | Reached skill level 5 in Invocations
  8520 | D:8      | Reached XP level 10. HP: 72/80 MP: 13/13
  8858 | D:9      | Reached skill level 10 in Dodging
  9116 | D:9      | Identified the +0 ring mail of the World {+Blink rCorr
                  | Str+3 Dex+9}
  9259 | D:9      | Noticed a kobold demonologist
  9260 | D:9      | Noticed a kobold demonologist
  9262 | D:9      | Noticed a kobold demonologist
  9270 | D:9      | Killed a kobold demonologist
  9276 | D:9      | Killed a kobold demonologist
  9277 | D:9      | Reached ***** piety under Uskayaw
  9279 | D:9      | Noticed a rust devil
  9282 | D:9      | Killed a kobold demonologist
  9455 | D:9      | Reached XP level 11. HP: 83/87 MP: 16/16
  9556 | D:9      | Noticed a two-headed hydra
  9626 | D:10     | Entered Level 10 of the Dungeon
  9732 | D:10     | Found a staircase to the Lair.
  9763 | D:10     | Reached skill level 10 in Long Blades
  9828 | D:10     | Noticed an orange crystal statue
  9840 | D:10     | Identified the amulet "Zigen" {Reflect rPois SH+5 Stlth+}
  9970 | D:10     | Noticed Maurice
  9989 | D:10     | Killed Maurice
  9990 | D:10     | Reached skill level 11 in Dodging
 10203 | D:10     | Noticed a two-headed ogre
 10216 | D:10     | Killed a two-headed ogre
 10335 | D:10     | Noticed Erolcha
 10619 | D:10     | Learned a level 1 spell: Apportation
 10715 | D:10     | Noticed a centaur warrior
 10726 | Lair:1   | Entered Level 1 of the Lair of Beasts
 10783 | Lair:1   | Identified the +9 hand axe of Foesab {vorpal, Fly rF+ Int+2
                  | Dex-2}
 10795 | Lair:1   | Noticed a boulder beetle
 10807 | Lair:1   | Killed a boulder beetle
 10896 | Lair:1   | Reached skill level 10 in Stealth
 10917 | Lair:1   | Noticed Grum
 10932 | Lair:1   | Killed Grum
 11185 | Lair:1   | You fall into a shaft and drop 1 floor!
 11241 | Lair:2   | Reached skill level 10 in Fighting
 11272 | Lair:2   | Found a white marble altar of Elyvilon.
 11287 | Lair:2   | Reached XP level 12. HP: 90/97 MP: 18/18
 11288 | Lair:2   | Reached skill level 12 in Dodging
 11302 | Lair:2   | Reached ****** piety under Uskayaw
 11308 | Lair:2   | Noticed Nergalle
 12216 | Lair:2   | Noticed a four-headed hydra
 12260 | Lair:2   | Noticed Amaemon
 12460 | Lair:2   | Killed Amaemon
 12674 | Lair:2   | Found a hole to the Spider Nest.
 12685 | Lair:2   | Reached skill level 13 in Dodging
 12754 | Lair:2   | Killed Nergalle
 12915 | D:9      | Killed a one-headed hydra
 13033 | Lair:2   | Killed a one-headed hydra
 13093 | Lair:2   | Reached XP level 13. HP: 106/106 MP: 20/20
 13974 | Lair:4   | Noticed Josephine
 13996 | Lair:4   | Killed Josephine
 13997 | Lair:4   | Reached skill level 10 in Invocations
 14284 | Lair:4   | Found a staircase to the Shoals.
 14771 | Lair:5   | Found a staircase to the Slime Pits.
 15214 | Lair:5   | Reached skill level 14 in Dodging
 15992 | Lair:6   | Entered Level 6 of the Lair of Beasts
 16104 | Lair:6   | HP: 5/109 [blink frog (2)]
 16105 | Lair:6   | HP: 1/109 [ancient zyme (4)]
 16105 | Lair:6   | Slain by a blink frog

Illustrated notes

Levels and vault maps discovered:
D:1:      wander_arrival_estate, layout_basic, serial_shops, nicolae_shop_stone,
          chequers_mini_garden
D:2:      layout_basic, uniq_sigmund, uniq_natasha
D:3:      layout_rooms, beargit_hepliaklqana_dungeon_heroes,
          chequers_ecumenical_altar_island
D:4:      minmay_skewed_foursquare, layout_cave_pools,
          minmay_temple_entry_enclosed_plants, minivault_4, grunt_ministairs_10,
          minmay_crossroads
D:5:      layout_loops_corners, serial_shops, nicolae_shop_crystal,
          nicolae_wormholes
D:6:      layout_basic, chequers_serial_rivers_micro_d,
          chequers_serial_rivers_micro_d, kennysheep_boxes
D:7:      layout_loops_ring
D:8:      layout_gridville, nrook_mini_backslash
D:9:      layout_loops_cross, nrook_uturn, hangedman_ranch
D:10:     layout_gridville, lair_entry_dummy, minmay_protected_statue,
          uniq_maurice, uniq_erolcha
Temple:   regret_index_temple_sigil_plot
Lair:1:   lemuel_slime, layout_gridlike, nzn_sisyphean_effort, uniq_grum
Lair:2:   statuecave_lemuel, layout_gridlike, nicolae_spider_entry_tight_spaces,
          basic_altar, uniq_amaemon, uniq_nergalle
Lair:3:   layout_gridlike
Lair:4:   layout_small_grid, elwin_shoals_entry_rocks, ldierk_geyser,
          kennysheep_catoblepas_arena, uniq_josephine
Lair:5:   layout_concentric_octagons, nicolae_slime_entry_slimehenge
Lair:6:   hellmonk_lair_end_abyssal_woods, layout_regular_city,
          infiniplex_staircase_pool_2

Skill      XL: |  1  2  3  4  5  6  7  8  9 10 11 12 13 |
---------------+----------------------------------------+-----
Long Blades    | 4 5 6 7 8 9 11 12 13 | 13.4
Stealth        | 3 4 5 6 7 9 10 11 13 | 13.0
Fighting       | 4 5 6 7 8 10 11 12 | 12.3
Dodging        | 5 6 8 9 10 11 13 14 | 14.5
Invocations    | 1 3 5 6 8 9 11 | 11.0
Armour         | 1 |  1.0

Action                   |  1- 3 |  4- 6 |  7- 9 | 10-12 | 13-15 || total
-------------------------+-------+-------+-------+-------+-------++-------
Melee: Falchion          |    74 |   213 |   473 |   507 |   292 ||  1559
       Punch             |       |     2 |    10 |    10 |     3 ||    25
       Tailslap          |       |     1 |       |     1 |       ||     2
Throw: Dart              |       |     4 |    21 |    17 |     5 ||    47
 Cast: Apportation       |       |       |       |     2 |       ||     2
Invok: Stomp             |       |       |     1 |       |       ||     1
       Line Pass         |       |       |     1 |       |       ||     1
       Grand Finale      |       |       |       |     1 |     1 ||     2
Evoke: Wand              |       |       |     6 |     4 |     1 ||    11
  Use: Potion            |       |     2 |       |       |       ||     2
       Scroll            |       |       |     5 |     3 |     2 ||    10
 Stab: Sleeping          |     5 |     7 |     6 |    22 |    10 ||    50
       Betrayed ally     |       |       |     1 |       |       ||     1
       Paralysed         |       |       |    20 |    31 |    34 ||    85
       Distracted        |       |       |     1 |     1 |     1 ||     3
Armor: Robe              |    10 |     8 |       |       |       ||    18
       Leather armour    |       |    46 |    87 |    14 |       ||   147
       Ring mail         |       |       |       |    68 |    25 ||    93
Dodge: Dodged            |    46 |   182 |   324 |   537 |   198 ||  1287

Table legend: (Time is in decaauts)
 A = Elapsed time spent in this place.
 B = Non-inter-level travel time spent in this place.
 C = Inter-level travel time spent in this place.
 D = Time resting spent in this place.
 E = Time spent auto-exploring this place.
 F = Levels seen in this place.
 G = Mean time per level.
                   A        B        C        D        E       F      G
               +--------+--------+--------+--------+--------+-----+--------+
         Total |  15843 |  14828 |   1015 |    743 |  10885 |  17 |  931.9 |
       Dungeon |  10689 |  10153 |    536 |    526 |   7447 |  10 | 1068.9 |
        Temple |    141 |    112 |     29 |      0 |     80 |   1 |  141.0 |
          Lair |   5012 |   4564 |    448 |    217 |   3358 |   6 |  835.3 |
               +--------+--------+--------+--------+--------+-----+--------+

Top non-repeatable levels by time:
     D:2: 1416 daAuts
     D:1: 1275 daAuts
  Lair:5: 1202 daAuts
     D:5: 1193 daAuts
  Lair:2: 1187 daAuts
    D:10: 1159 daAuts
     D:3: 1077 daAuts
     D:9: 1076 daAuts
     D:4: 1051 daAuts
  Lair:3: 955 daAuts
     D:7: 881 daAuts
  Lair:1: 807 daAuts
     D:8: 789 daAuts
     D:6: 766 daAuts
  Lair:4: 761 daAuts
